 Dungeon Crawl Stone Soup version 0.19-a0-1079-g88a7474 (webtiles) character file.

3210 poirepourri the Nimble (level 9, 0/38 HPs)
             Began as a Spriggan Assassin on Aug 6, 2016.
             Was a Believer of Dithmenos.
             Succumbed to a water moccasin's poison
             ... on level 7 of the Dungeon.
             The game lasted 00:30:40 (13436 turns).

poirepourri the Nimble (Spriggan Assassin)         Turns: 13436, Time: 00:30:40

Health: 0/38       AC:  3    Str:  5      XL:     9   Next: 65%
Magic:  10/10      EV: 24    Int: 13      God:    Dithmenos [**....]
Gold:   65         SH:  0    Dex: 16 (20) Spells: 0 memorised, 8 levels left

rFire  . . .     SeeInvis +     a - +2 dagger
rCold  . . .     Gourm    .     v - +1 robe {MR+}
rNeg   . . .     Faith    .     (shield restricted)
rPois  .         Spirit   .     (helmet restricted)
rElec  .         Dismiss  .     d - +0 cloak
rCorr  .         Reflect  .     (gloves unavailable)
SustAt .         Harm     .     (boots unavailable)
MR     ++...                    (no amulet)
Stlth  +++++.....               (no ring)
                                (no ring)

@: lethally poisoned (0 -> -3), wreathed by umbra, heavily drained, very quick
A: unfitting armour, see invisible, deformed body, herbivore 3, speed 3, frail
1, slow metabolism 2, weak 1
a: Shadow Step, Renounce Religion


You were on level 7 of the Dungeon.
You worshipped Dithmenos.
Dithmenos was pleased with you.
You were full.

You visited 2 branches of the dungeon, and saw 9 of its levels.

You collected 431 gold pieces.
You spent 366 gold pieces at shops.

Inventory:

Hand Weapons
 a - a +2 dagger (weapon)
 b - a +0 blowgun
Armour
 c - a +0 robe
 d - a +0 cloak (worn)
 v - a +1 robe of magic resistance (worn)
Jewellery
 l - a +1 ring of protection
Scrolls
 e - 5 scrolls of remove curse
 f - a scroll of recharging
 j - 4 scrolls of teleportation
 p - a scroll of magic mapping
Potions
 i - a potion of cure mutation
 k - a potion of degeneration
 n - 2 potions of magic
Comestibles
 g - a bread ration
 m - 3 fruits
 u - a slice of pizza


   Skills:
 + Level 2.9(1.7) Fighting
 + Level 5.4(4.0) Short Blades
 + Level 9.8(8.3) Throwing
 + Level 10.2(8.7) Dodging
 + Level 7.9(6.5) Stealth


You had 8 spell levels left.
You didn't know any spells.

Dungeon Overview and Level Annotations

Branches:
Dungeon (8/15)             Temple (1/1) D:7
   Lair: D:8-11

Altars:
Ashenzari
Cheibriados
Dithmenos
Elyvilon
Fedhas
Gozag
Hepliaklqana
Kikubaaqudgha
Makhleb
Nemelex Xobeh
Okawaru
Qazlal
Ru
Trog
Uskayaw
Vehumet
Yredelemnul
Zin
The Shining One
Jiyva

Shops:
D:5 :[   D:8 !

Annotations:
D:8 eragonby's ghost, novice MiBe


Innate Abilities, Weirdness & Mutations

You are tiny and cannot use many weapons and most armour.
You have supernaturally acute eyesight. (SInv)
You are a herbivore.
You cover ground extremely quickly.
You need consume almost no food.
Armour fits poorly on your strangely shaped body.
You are frail. (-10% HP)
You are weak. (Str -2)


Message History

You feel sick. The water moccasin closely misses you.
Okay, then.
You hit the water moccasin.
You kill the water moccasin!
Dithmenos accepts your kill.
You feel extremely strange.
You feel frail.
You feel weaker.
Your body twists and deforms.
* * * LOW HITPOINT WARNING * * *
You feel sick.
Unknown command.
There is a stone staircase leading down here.
* * * LOW HITPOINT WARNING * * *
You feel sick.
* * * LOW HITPOINT WARNING * * *
You feel sick.
* * * LOW HITPOINT WARNING * * *
You feel sick.
* * * LOW HITPOINT WARNING * * *
You feel sick.
You die...

########..#...#..................
#........#...##'#########.[.....
#............##.# #.......
#.......#[#####.# ########
########.......#.#
.'.#.#∩#.......#.#
##'#'#'#.......#.#
.'...'.#.......#.#
##...###.......#@#
.'...'.#.......#.# ######
##'#'#.####..###.# #....[
.'.#.#.# ##.###.### #.....
######'# #.......# #.....
#####..# #..##.#.# #.....
#.....## #..##.#.# #..... #...###
#..##.#.# #..... #...# #...#.#.#
#.....


There were no monsters in sight!

Vanquished Creatures
  Grinder (D:6)
  A hippogriff (D:7)
  A water moccasin (D:7)
  An orc warrior (D:7)
  A sky beast (D:5)
  3 phantoms
  An ice beast (D:5)
  3 ogres
  A centaur (D:8)
  2 giant frogs (D:6)
  4 elf skeletons (D:7)
  A water moccasin skeleton (D:7)
  A scorpion (D:6)
  5 wights
  A quasit (D:7)
  3 hounds
  A giant frog skeleton (D:4)
  5 orc priests
  A centaur skeleton (D:7)
  8 orc wizards
  Jessica (D:2)
  5 iguanas
  Terence (D:3)
  2 human skeletons (D:7)
  7 worker ants
  A hound zombie (D:7)
  A worker ant zombie (D:7)
  5 gnolls
  9 adders
  A river rat (D:6)
  A shadow imp (D:5)
  5 worms
  A dart slug (D:4)
  4 giant geckos
  20 orcs
  8 giant cockroaches
  2 gnoll zombies (D:2)
  6 goblins
  10 hobgoblins
  14 jackals
  13 kobolds
  5 quokkas
  A ball python skeleton (D:4)
  6 bats
  4 giant newts
  A jackal skeleton (D:5)
  4 orc skeletons (D:7)
  An orc zombie (D:7)
  2 quokka skeletons
  13 rats
199 creatures vanquished.

Notes
Turn   | Place    | Note
-------+----------+-------------------------------------------
     0 | D:1      | poirepourri the Spriggan Assassin began the quest for the Orb.
     0 | D:1      | Reached XP level 1. HP: 10/10 MP: 2/2
   107 | D:1      | Reached XP level 2. HP: 3/14 MP: 3/3
   962 | D:1      | Reached XP level 3. HP: 18/18 MP: 4/4
  1238 | D:2      | Noticed Jessica
  1306 | D:2      | Killed Jessica
  1306 | D:2      | Reached skill level 2 in Dodging
  1572 | D:2      | Reached XP level 4. HP: 23/23 MP: 5/5
  1802 | D:2      | Found a shadowy altar of Dithmenos.
  1853 | D:2      | Found a hide-covered altar of Uskayaw.
  1901 | D:2      | Found a radiant altar of Vehumet.
  2373 | D:2      | Found a glowing golden altar of the Shining One.
  2544 | D:2      | Found a basalt altar of Yredelemnul.
  2753 | D:2      | Reached skill level 3 in Dodging
  3628 | D:3      | Reached XP level 5. HP: 26/26 MP: 6/6
  3731 | D:3      | Noticed Terence
  3769 | D:3      | Killed Terence
  4631 | D:2      | Became a worshipper of Dithmenos the Shadowed
  4836 | D:4      | Noticed an ogre
  4864 | D:4      | Killed an ogre
  4864 | D:4      | Reached skill level 4 in Dodging
  4864 | D:4      | Reached XP level 6. HP: 30/30 MP: 7/7
  4962 | D:4      | Reached skill level 5 in Throwing
  5594 | D:4      | Reached XP level 7. HP: 28/35 MP: 8/8
  5788 | D:4      | Reached * piety under Dithmenos
  6525 | D:4      | Found a hazy altar of Hepliaklqana.
  6662 | D:4      | Reached skill level 5 in Dodging
  6880 | D:5      | Entered Level 5 of the Dungeon
  7076 | D:5      | Found Zoddy's Book Shop.
  7345 | D:5      | Found an opulent altar of Gozag.
  7521 | D:5      | Reached XP level 8. HP: 39/39 MP: 9/9
  7698 | D:5      | Found Iwoepy Tooj's Antique Armour Shop.
  7703 | D:5      | Bought a glowing robe for 16 gold pieces
  7866 | D:5      | Reached skill level 6 in Dodging
  8548 | D:6      | Found a stormy altar of Qazlal.
  8668 | D:6      | Reached skill level 7 in Dodging
  8824 | D:6      | Found a hide-covered altar of Uskayaw.
  9144 | D:6      | Found a glowing silver altar of Zin.
  9183 | D:6      | Noticed Grinder
  9237 | D:6      | Killed Grinder
  9237 | D:6      | Reached ** piety under Dithmenos
  9330 | D:6      | Found a bloodstained altar of Trog.
  9912 | D:7      | Reached skill level 8 in Dodging
  9912 | D:7      | Reached XP level 9. HP: 40/43 MP: 10/10
  9948 | D:7      | Found a staircase to the Ecumenical Temple.
 10007 | Temple   | Entered the Ecumenical Temple
 10378 | D:7      | Found a sand-covered staircase.
 11425 | D:7      | Reached skill level 9 in Dodging
 11449 | D:7      | Reached skill level 5 in Short Blades
 11639 | D:8      | Noticed eragonby's ghost (novice MiBe)
 13051 | D:8      | Found Oxoxzeof's Distillery.
 13074 | D:8      | Bought a potion of cure mutation for 350 gold pieces
 13226 | D:7      | Reached skill level 10 in Dodging
 13420 | D:7      | Gained mutation: You are frail. (-10% HP) [potion of mutation]
 13420 | D:7      | Gained mutation: You are weak. (Str -2) [potion of mutation]
 13420 | D:7      | Gained mutation: Armour fits poorly on your strangely shaped body. [potion of mutation]
 13428 | D:7      | HP: 1/38 [poisoned by a water moccasin]
 13436 | D:7      | Succumbed to a water moccasin's poison

Vault maps used:
D:1:      dpeg_chamrin_arrival_tetris
D:2:      lemuel_zombie_altar_yredelemnul, nicolae_overflow_crystal_walls,
          old_standard_altar, grunt_dithmenos_smoke_and_mirrors,
          fiery_altar_vehumet, uniq_jessica
D:3:      uniq_terence
D:4:      kennysheep_mini_moat
D:5:      old_standard_altar, serial_shops, kennysheep_little_box,
          kennysheep_mini, first_bread
D:6:      lemuel_doored_altar, lemuel_coloured_pillars_altar, marbit_many_paths,
          basic_altar, gup_sewer_entry_spiral, kennysheep_windowed_goal,
          uniq_grinder
D:7:      nicolae_ossuary_entry_catacombs
D:8:      serial_shops, nicolae_shop_competitors_out_of_business, shop,
          shop_coins, nicolae_shop_crystal
Temple:   pf_slimified_temple

Skill      XL: |  1  2  3  4  5  6  7  8  9 |
---------------+----------------------------+-----
Throwing       | 3 4 6 7 9 |  9.8
Dodging        | 2 3 4 5 8 10 | 10.2
Stealth        | 6 7 |  7.9
Fighting       | 2 |  2.9
Short Blades   | 3 4 5 |  5.4

Action                   |  1- 3 |  4- 6 |  7- 9 || total
-------------------------+-------+-------+-------++-------
Melee: Dagger            |    24 |   153 |   680 ||   857
 Fire: Blowgun           |    50 |   134 |   238 ||   422
  Use: Scroll            |       |     5 |    10 ||    15
       Potion            |       |       |    15 ||    15
 Stab: Sleeping          |     1 |     9 |    12 ||    22
       Distracted        |       |       |     1 ||     1
  Eat: Bread ration      |       |     1 |     1 ||     2
       Royal jelly       |       |       |     1 ||     1
       Pizza             |       |       |     1 ||     1
Armor: Robe              |     1 |    10 |    51 ||    62
       Skin              |       |       |     1 ||     1
Dodge: Dodged            |    22 |   120 |   595 ||   737
